AoeStats
← Iamak3186

Marketplace

503791714Analyzed
1v1 RM · 1mo ago on Sep 2, 2026· 33m 3s· 2 players
Game mode
Random Map
Map size
Tiny (2 player)
Population
200
Speed
Normal
Resources
Standard
Victory
Conquest
Starting age
Dark Age
Ending age
Imperial Age
RankedLock teamsTeams togetherTeam positionsShared explorationLock speedFull tech treeHidden civsTurbo modeCheats
Victory
Defeat
🇨🇳 Burgundians · China
1295
+15
🇮🇳 Mongols · India
1273
-15
Iamak3186
8:31 Feudal Age
15:37 Double-Bit Axe
20:39 Castle Age
19:27 Horse Collar
19:40 Gold Mining
20:29 Stone Mining
20:59 Loom
22:19 Bloodlines
27:17 Bow Saw
29:10 Wheelbarrow
30:52 Scale Barding Armor
莽夫
1:54 Loom
5:28 Double-Bit Axe
7:02 Horse Collar
11:46 Feudal Age
16:44 Heavy Plow
19:43 Castle Age
18:37 Bow Saw
21:04 Wheelbarrow
21:21 Crop Rotation
22:00 Cavalier
23:15 Gold Mining
24:44 Hand Cart
27:08 Husbandry
27:59 Scale Barding Armor
29:57 Chain Barding Armor
29:48 Forging
31:11 Stone Mining
Connection lost

Rejoining the realm…

Still unreachable

The connection could not be restored.

Session expired

The server has moved on; the page needs a fresh start.